 Dungeon Crawl Stone Soup version 0.32-a0-35-gd9ff480968 (webtiles) character file.

Game seed: 16133711420953221785

466 IdlyInterested the Ruffian (level 7, -2/46 HPs)
             Began as an Octopode Fighter on Jan 22, 2024.
             Slain by Pikel
             ... wielding a +0 whip of freezing
              (7 damage)
             ... on level 4 of the Dungeon.
             The game lasted 00:07:07 (3198 turns).

IdlyInterested the Ruffian (Octopode Fighter)       Turns: 3198, Time: 00:07:08

Health: -2/46      AC:  1    Str: 14 (17) XL:     7   Next: 8%
Magic:  7/7        EV: 12    Int:  8 (11) God:
Gold:   142        SH:  4    Dex:  8 (11) Spells: 6/6 levels left

rFire   . .          .
                       - Unarmed
rCold   . . .        a - +0 buckler
rNeg    . . .        (helmet restricted)
rPois   .            (no amulet)
rElec   .            l - ring of see invisible
rCorr   .            (no ring)
SInv    +            (no ring)
Will    .....        (no ring)
Stlth   +++          (no ring)
HPRegen 0.27/turn    (no ring)
MPRegen 0.10/turn    (no ring)
                     (no ring)

%: no passive effects
@: invisible
A: almost no armour, amphibious, 8 rings, camouflage 1, gelatinous body 1,
(nimble swimmer 1), tentacles
a: no special abilities


You were on level 4 of the Dungeon.
You visited 1 branch of the dungeon, and saw 4 of its levels.

You collected 142 gold pieces.

Inventory:

Hand Weapons
 c - a +0 dagger
Missiles
 h - 49 stones (quivered)
 n - 5 javelins
Armour
 a - a +0 buckler (worn)
Jewellery
 j - a ring of fire
 l - a ring of see invisible (left tentacle)
Talismans
 s - a beast talisman
Scrolls
 d - 2 scrolls of immolation {unknown}
 f - a scroll of brand weapon {unknown}
 g - 4 scrolls of amnesia {unknown}
 m - a scroll of revelation {unknown}
 o - a scroll of teleportation {unknown}


   Skills:
 + Level 3.1 Fighting
 - Level 3.0 Throwing
 - Level 3.0 Dodging
 - Level 3.0 Stealth
 - Level 3.0 Shields
 + Level 6.0 Unarmed Combat
 * Level 0.7 Shapeshifting


You had 6 spell levels left.
You didn't know any spells.
Your spell library was empty.

Dungeon Overview and Level Annotations

Branches:
Dungeon (4/15)
 Temple: D:4-7

Altars:
The Shining One

Annotations:
D:4 Pikel


Innate Abilities, Weirdness & Mutations

You cannot wear most types of armour.
You are amphibious.
You can wear up to eight rings at the same time.
Your skin changes colour to match your surroundings (Stealth+).
Your rubbery body absorbs attacks. (AC +1, EV +1)
((You are camouflaged when in or above water. (Stealth+)))
You have tentacles for arms and can constrict up to eight enemies at once.


Message History

You tentacle-slap Pikel but do no damage.
Your grab misses Pikel. Your squeeze misses Pikel.
Pikel is lightly wounded.
Pikel hits you with a +0 whip of freezing.
Pikel freezes you.
You barely miss Pikel. Your grab misses Pikel.
Pikel is lightly wounded.
You block Pikel's attack.
You tentacle-slap Pikel but do no damage.
Your grab misses Pikel.
Pikel is lightly wounded.
You tentacle-slap Pikel but do no damage.
Your grab misses Pikel.
Pikel is lightly wounded.
Pikel closely misses you.
You barely miss Pikel. You grab Pikel.
Pikel is lightly wounded.
You constrict Pikel, but do no damage. Pikel misses you.
You bludgeon Pikel!
Pikel is moderately wounded.
You constrict Pikel.
Pikel hits you with a +0 whip of freezing!
Pikel freezes you.
You tentacle-slap Pikel. Your squeeze misses Pikel.
Pikel is heavily wounded.
You constrict Pikel.
Pikel hits you with a +0 whip of freezing!
* * * LOW HITPOINT WARNING * * *
Pikel freezes you.
* * * LOW HITPOINT WARNING * * *
It was a potion of invisibility.
You fade into invisibility!
You constrict Pikel, but do no damage. Pikel barely misses you.
You tentacle-slap Pikel but do no damage.
You squeeze Pikel, but do no damage.
Pikel is heavily wounded.
You constrict Pikel.
Pikel escapes!
Pikel hits you with a +0 whip of freezing!
You die...
Pikel says, "Another soul for the market."

## # ##### ......
#####...# ......#.
#.)...†##
.............#..@..#
........#.####..K#.##
....................#####
........##....##........#
........##....#.........#
....................#####
.............##.....<.
....................!..#
#.......#.#.........?..#


You could see Pikel (unable to see you).

Vanquished Creatures
  Grinder (D:3)
  4 lemures (D:4)
  The ghost of poochi the Chopper, a weakling GrFi (D:3)
  A bombardier beetle (D:3)
  2 orc priests (D:3)
  Jessica (D:3)
  3 gnolls (D:3)
  3 adders
  2 dart slugs
  A ribbon worm (D:2)
  3 orcs (D:3)
  4 bats (D:2)
  2 endoplasms
  4 giant cockroaches
  5 goblins
  4 hobgoblins
  3 jackals (D:2)
  7 kobolds
  3 quokkas
  9 ball pythons
  3 frilled lizards
  3 rats
69 creatures vanquished.

Notes
Turn   | Place    | Note
-------+----------+-------------------------------------------
     0 | D:1      | IdlyInterested the Octopode Fighter began the quest for the
                  | Orb.
     0 | D:1      | Reached XP level 1. HP: 16/16 MP: 1/1
    78 | D:1      | Reached skill level 1 in Stealth
   133 | D:1      | Reached XP level 2. HP: 21/21 MP: 2/2
   912 | D:2      | Reached skill level 3 in Unarmed Combat
   912 | D:2      | Reached XP level 3. HP: 12/26 MP: 3/3
  1272 | D:2      | Found a glowing golden altar of the Shining One.
  1292 | D:2      | Reached XP level 4. HP: 21/31 MP: 4/4
  1544 | D:2      | Identified the +1 spear "Donuen" {flame, Int+2}
  1900 | D:3      | Reached skill level 4 in Unarmed Combat
  2113 | D:3      | Reached XP level 5. HP: 36/36 MP: 5/5
  2126 | D:3      | Reached skill level 1 in Throwing
  2204 | D:3      | Reached skill level 5 in Unarmed Combat
  2331 | D:3      | Noticed Jessica
  2336 | D:3      | Killed Jessica
  2337 | D:3      | Reached XP level 6. HP: 42/42 MP: 6/6
  2368 | D:3      | Noticed Grinder
  2377 | D:3      | Killed Grinder
  2378 | D:3      | Reached skill level 6 in Unarmed Combat
  2589 | D:3      | Found a runed translucent door.
  2832 | D:3      | Noticed poochi's ghost (weakling GrFi)
  2849 | D:3      | Killed poochi's ghost
  2850 | D:3      | Reached XP level 7. HP: 5/46 MP: 7/7
  3180 | D:4      | Noticed Pikel
  3198 | D:4      | Slain by Pikel

Illustrated notes

Levels and vault maps discovered:
D:1:      lemuel_arrival_tunnels, layout_loops_ring
D:2:      minmay_chambers_of_twos, layout_basic, basic_altar,
          supply_closet_lemuel, kennysheep_potato
D:3:      layout_basic, ebering_ghost_reflecting_pool, uniq_jessica,
          uniq_grinder
D:4:      layout_rooms, mainiacjoe_overflow_tiny_flanked,
          chequers_serial_rivers_room_b, amcnicky_mini_rare_corridor_liquid,
          uniq_blork_the_orc, uniq_pikel

Skill      XL: |  1  2  3  4  5  6 |
---------------+-------------------+-----
Stealth        | 1 2 3 |  3.0
Unarmed Combat | 3 4 5 6 |  6.0
Throwing       | 2 3 |  3.0
Fighting       | |  3.1
Dodging        | |  3.0
Shields        | |  3.0
Shapeshifting  | |  0.7

Action                     |  1- 3 |  4- 6 |  7- 9 || total
---------------------------+-------+-------+-------++-------
  Melee: Unarmed           |    64 |    75 |    43 ||   182
         Constrict         |    18 |    20 |     4 ||    42
         Tentacles         |    13 |    17 |     4 ||    34
         Punch             |     1 |     3 |     2 ||     6
  Throw: Stone             |       |       |     5 ||     5
    Use: Potion            |       |     5 |     6 ||    11
   Stab: Sleeping          |    11 |     6 |     1 ||    18
 Armour: Skin              |    17 |    33 |    45 ||    95
  Dodge: Dodged            |    44 |    52 |    20 ||   116
  Block: Buckler           |    16 |     8 |    17 ||    41

Table legend: (Time is in decaauts)
 A = Elapsed time spent in this place.
 B = Non-inter-level travel time spent in this place.
 C = Inter-level travel time spent in this place.
 D = Time resting spent in this place.
 E = Time spent auto-exploring this place.
 F = Levels seen in this place.
 G = Mean time per level.
                   A        B        C        D        E       F      G
               +--------+--------+--------+--------+--------+-----+--------+
         Total |   3188 |   2952 |    236 |    587 |   1685 |   4 |  797.0 |
       Dungeon |   3188 |   2952 |    236 |    587 |   1685 |   4 |  797.0 |
               +--------+--------+--------+--------+--------+-----+--------+

Top non-repeatable levels by time:
     D:3: 1141 daAuts
     D:2: 1130 daAuts
     D:1: 758 daAuts
     D:4: 158 daAuts
